[Event "Titled Tuesday Blitz April 26 Late 2022"]
[White "Shimanov, Aleksandr"]
[Black "Deac, Bogdan-Daniel"]
[WhiteFideId "4198603"]
[BlackFideId "1226380"]
[WhiteElo "2636"]
[BlackElo "2648"]
[Result "0-1"]
[Round "07"]
[TimeControl "180+1"]
[Date "2022.04.26"]
[WhiteClock "0:00:11"]
[BlackClock "0:00:06"]

1. d4 Nf6 2. Nc3 d5 3. Bf4 c5 4. e4 Nxe4 5. Nxe4 dxe4 6. dxc5 Qa5+ 7. c3 Qxc5 8. Qa4+ Nc6 9. Qxe4 Bf5 10. Qa4 e5 11. Be3 Qa5 12. Qb3 Qc7 13. Nf3 Bd6 14. Bc4 O-O 15. Bd5 Rad8 16. Ng5 Na5 17. Qa4 h6 18. Ne4 Be7 19. Rd1 a6 20. O-O b5 21. Qc2 Nc4 22. Bc1 Kh8 23. Qe2 Bg6 24. Ng3 f5 25. Bxc4 bxc4 26. f3 Bf6 27. Rxd8 Rxd8 28. Rd1 Rxd1+ 29. Qxd1 Qc5+ 30. Kf1 Bh4 31. Qe2 Qd5 32. Bd2 Bxg3 33. hxg3 f4 34. Kf2 Bd3 35. Qe1 Qc5+ 36. Be3 fxe3+ 37. Qxe3 Qxe3+ 38. Kxe3 Kg8 39. b4 cxb3 40. axb3 Bf1 41. c4 Kf7 42. Kf2 Bd3 43. Ke3 Bc2 44. b4 Ke6 45. g4 g5 46. Kd2 Ba4 47. Kd3 Bc6 48. Ke3 Kd6 49. g3 Ke6 50. f4 exf4+ 51. gxf4 Kf6 0-1


[Site "https://www.chess.com"]

[Event "Titled Tuesday Blitz April 26 Late 2022"]
[White "Shirov, Alexei"]
[Black "Paravyan, David"]
[WhiteFideId "2209390"]
[BlackFideId "4194985"]
[WhiteElo "2678"]
[BlackElo "2569"]
[Result "0-1"]
[Round "07"]
[TimeControl "180+1"]
[Date "2022.04.26"]
[WhiteClock "0:00:01"]
[BlackClock "0:00:05"]

1. e4 e5 2. Nf3 Nf6 3. Nxe5 d6 4. Nf3 Nxe4 5. d4 d5 6. Bd3 Bd6 7. O-O O-O 8. c4 c6 9. Qc2 h6 10. Nc3 Nxc3 11. bxc3 Bg4 12. Ne5 Bxe5 13. dxe5 Nd7 14. h3 Be6 15. cxd5 Bxd5 16. f4 Nc5 17. Bh7+ Kh8 18. Be3 Nd7 19. c4 Bxc4 20. Qxc4 Kxh7 21. Rad1 Kg8 22. e6 fxe6 23. Qxe6+ Rf7 24. f5 Qe8 25. Bxa7 Qxe6 26. fxe6 Rxf1+ 27. Kxf1 Nf6 28. Bc5 Nd5 29. Rd2 Re8 30. e7 b6 31. Bd6 Nxe7 32. Bxe7 Rxe7 33. Rd6 Rc7 34. Ke2 b5 35. Kd3 c5 36. Rb6 b4 37. Kc4 Ra7 38. Kxc5 Rxa2 39. Rxb4 Rxg2 40. Kd5 Re2 41. Rg4 Kf7 42. Kd4 Kf6 43. Kd3 Re8 44. Rf4+ Kg5 45. Rg4+ Kf6 46. Rf4+ Kg6 47. Rg4+ Kf7 48. Rf4+ Kg8 49. Rg4 Kh7 50. h4 g6 51. Ra4 Kg7 52. Ra6 Kf7 53. Ra5 Kf6 54. Rb5 Re5 55. Rb7 Kf5 56. Rh7 h5 57. Rg7 Re6 58. Rb7 Kg4 59. Rb4+ Kg3 60. Kd2 Kh3 61. Rc4 Kg2 62. Rf4 Kg3 63. Rc4 Re5 64. Kd3 Re7 65. Kd2 Re6 0-1


[Site "https://www.chess.com"]

[Event "Titled Tuesday Blitz April 26 Late 2022"]
[White "Shuvalova, Polina"]
[Black "Kanyamarala, Trisha"]
[WhiteFideId "24171760"]
[BlackFideId "45004722"]
[WhiteElo "2355"]
[BlackElo "2079"]
[Result "1-0"]
[Round "07"]
[TimeControl "180+1"]
[Date "2022.04.26"]
[WhiteClock "0:00:41"]
[BlackClock "0:00:01"]

1. b3 d5 2. Bb2 Nf6 3. Nf3 c5 4. e3 Nc6 5. d4 cxd4 6. exd4 Bg4 7. Nbd2 e6 8. Bd3 Bd6 9. O-O O-O 10. a3 Rc8 11. Qe2 Re8 12. Rfe1 e5 13. dxe5 Nxe5 14. Qf1 Nxf3+ 15. Nxf3 Bxf3 16. gxf3 Nh5 17. Rxe8+ Qxe8 18. Re1 Qd7 19. Qg2 g6 20. Qg4 Qc6 21. Qd4 f6 22. Qg4 Re8 23. Re6 Nf4 24. Rxe8+ Qxe8 25. Bc3 Kg7 26. Qh4 Be5 27. Bd2 Nxd3 28. cxd3 Bd6 29. Kg2 Be5 30. Qh6+ Kg8 31. Qe3 Qc6 32. d4 Bd6 33. Qe6+ Kg7 34. Be3 Bxa3 35. Qh3 Qc7 36. f4 Kf7 37. Qxh7+ 1-0


[Site "https://www.chess.com"]

[Event "Titled Tuesday Blitz April 26 Late 2022"]
[White "Siddharth, Jagadeesh"]
[Black "Stevens, Christian"]
[WhiteFideId "5818320"]
[BlackFideId "2604450"]
[WhiteElo "2127"]
[BlackElo "2566"]
[Result "1-0"]
[Round "07"]
[TimeControl "180+1"]
[Date "2022.04.26"]
[WhiteClock "0:00:12"]
[BlackClock "0:00:31"]

1. e4 c5 2. Nf3 e6 3. d4 cxd4 4. Nxd4 a6 5. c4 Qc7 6. Nc3 Nf6 7. a3 b6 8. Be3 Bb7 9. f3 Nc6 10. b4 Ne5 11. Rc1 Ng6 12. Qd2 Be7 13. Be2 Rb8 14. O-O Bd6 15. Kh1 Bxh2 16. f4 Bg3 17. e5 Ne4 18. Nxe4 Bxe4 19. Bf3 Qd8 20. Rfd1 Qh4+ 21. Kg1 Qh2+ 22. Kf1 Qh1+ 23. Ke2 Bxf3+ 24. Kxf3 Qh2 25. Nf5 exf5 26. Qxd7+ Kf8 27. Qd6+ Kg8 28. Qxb8+ Nf8 29. Rd8 g5 30. Rxf8+ Kg7 31. Rxh8 g4+ 32. Ke2 Qxg2+ 33. Kd3 Qe4+ 34. Kd2 Qg2+ 35. Kc3 1-0


[Site "https://www.chess.com"]

[Event "Titled Tuesday Blitz April 26 Late 2022"]
[White "Sjugirov, Sanan"]
[Black "Naroditsky, Daniel"]
[WhiteFideId "4189302"]
[BlackFideId "2026961"]
[WhiteElo "2602"]
[BlackElo "2608"]
[Result "1/2-1/2"]
[Round "07"]
[TimeControl "180+1"]
[Date "2022.04.26"]
[WhiteClock "0:00:10"]
[BlackClock "0:00:35"]

1. e4 c5 2. Nf3 d6 3. d4 cxd4 4. Nxd4 Nf6 5. Nc3 a6 6. Be3 e5 7. Nf3 Be7 8. Bc4 O-O 9. O-O Be6 10. Bb3 Nc6 11. Qe2 Na5 12. Rfd1 Qc8 13. Bg5 Nxb3 14. cxb3 Rd8 15. Bxf6 Bxf6 16. Nd5 Bxd5 17. Rxd5 Qc6 18. Rad1 Rac8 19. g3 g6 20. h4 h5 21. Ne1 Be7 22. Ng2 b5 23. Ne3 Bf8 24. Qd3 Bh6 25. Nf1 Qc2 26. Rxd6 Rxd6 27. Qxd6 Bf8 28. Qd7 Rc7 29. Qd8 Rc8 30. Qd3 Qxb2 31. Rd2 Qa1 32. Rc2 Qb1 33. Rd2 Qxd3 34. Rxd3 Rc1 35. Kg2 Bc5 36. Rd2 Bd4 37. Nh2 b4 38. Nf3 Bc3 39. Rd5 Rc2 40. Ra5 Re2 41. Rxa6 Rxe4 42. Ra8+ Kg7 43. Ra7 Re2 44. Rd7 Rxa2 45. Ng5 Rb2 46. Rxf7+ Kg8 47. Rb7 Rxb3 48. Ne4 Bd4 49. Rd7 Kf8 50. Nf6 Rb2 51. Nh7+ Ke8 52. Nf6+ Kf8 53. Nh7+ Kg8 54. Nf6+ Kf8 1/2-1/2


[Site "https://www.chess.com"]

[Event "Titled Tuesday Blitz April 26 Late 2022"]
[White "Skliarov, Viktor"]
[Black "Jarocka, Liwia"]
[WhiteFideId "14106736"]
[BlackFideId "21807558"]
[WhiteElo "2229"]
[BlackElo "1896"]
[Result "1/2-1/2"]
[Round "07"]
[TimeControl "180+1"]
[Date "2022.04.26"]
[WhiteClock "0:00:12"]
[BlackClock "0:00:43"]

1. e4 c6 2. d4 d5 3. e5 c5 4. dxc5 e6 5. a3 Bxc5 6. b4 Be7 7. Bb2 f6 8. Nf3 Nc6 9. Bd3 fxe5 10. Nxe5 Nf6 11. Nd2 O-O 12. Ndf3 Bd6 13. O-O Bd7 14. Nxd7 Qxd7 15. Re1 Rae8 16. b5 Nd8 17. Ne5 Qc7 18. c4 Nf7 19. Nxf7 Qxf7 20. cxd5 exd5 21. Qf3 Re6 22. Bf5 Rxe1+ 23. Rxe1 Re8 24. Rxe8+ Qxe8 25. g3 Be5 26. Qb3 Bxb2 27. Qxb2 Qe7 28. a4 b6 29. Qd4 g6 30. Bd3 Kg7 31. h4 Kf7 32. Kg2 Qc5 33. Qe5 Qe7 34. Qb8 Kg7 35. Qc8 Ne4 36. Qc2 Nc5 37. Be2 Qe4+ 38. Qxe4 dxe4 39. Bd1 Kf6 40. Kf1 Ke5 41. Ke2 Kd4 42. Kd2 h6 43. Bc2 g5 44. hxg5 hxg5 45. Bd1 Nd3 46. Ke2 Nb2 47. Bc2 Nc4 48. f3 exf3+ 49. Kxf3 Ne5+ 50. Ke2 Kc3 51. Bd1 Kd4 52. Bc2 Nd7 53. Kf3 Ne5+ 54. Ke2 1/2-1/2


[Site "https://www.chess.com"]

[Event "Titled Tuesday Blitz April 26 Late 2022"]
[White "Song, Guannan Terry"]
[Black "Needleman, Alejandro"]
[WhiteFideId "2614189"]
[BlackFideId "100730"]
[WhiteElo "2115"]
[BlackElo "2342"]
[Result "0-1"]
[Round "07"]
[TimeControl "180+1"]
[Date "2022.04.26"]
[WhiteClock "0:00:06"]
[BlackClock "0:00:26"]

1. e4 c5 2. Nc3 e6 3. f4 d5 4. Nf3 Nf6 5. e5 Nfd7 6. d4 Nc6 7. Be3 a6 8. Be2 b5 9. O-O b4 10. Na4 Qa5 11. c4 cxd4 12. Nxd4 Nxd4 13. Bxd4 Nc5 14. Nxc5 Bxc5 15. cxd5 exd5 16. f5 O-O 17. Kh1 Re8 18. Rc1 Bf8 19. f6 g6 20. Qd2 Be6 21. b3 Rec8 22. h4 Qd8 23. h5 a5 24. Qe3 Rxc1 25. Rxc1 Rc8 26. hxg6 Rxc1+ 27. Qxc1 hxg6 28. Qc6 Qc8 29. Qxc8 Bxc8 30. Bb6 Bd7 31. Bxa5 Bc5 32. Bf3 Bc6 33. Bd8 Bd4 34. Bc7 Kh7 35. Bd6 Bc3 36. e6 Be8 37. Bxd5 fxe6 38. Bxe6 Bxf6 39. Bxb4 g5 40. Bf5+ Kg7 41. Bd6 Bc6 42. Kg1 Bd4+ 43. Kf1 Kf6 44. Bd3 g4 45. a4 Bc3 46. Bb5 Bd5 47. Bc4 Bc6 48. Be2 Kf5 49. Bc5 Kf4 50. Bf2 g3 51. Be1 Be5 52. a5 Ke3 53. a6 Bb8 54. Bxg3 Bxg3 55. a7 Bf2 56. Bf3 Bb5+ 57. Be2 Bxe2# 0-1


[Site "https://www.chess.com"]

[Event "Titled Tuesday Blitz April 26 Late 2022"]
[White "Suleymanli, Aydin"]
[Black "Khanin, Semen"]
[WhiteFideId "13413937"]
[BlackFideId "4111990"]
[WhiteElo "2481"]
[BlackElo "2442"]
[Result "1-0"]
[Round "07"]
[TimeControl "180+1"]
[Date "2022.04.26"]
[WhiteClock "0:00:24"]
[BlackClock "0:00:04"]

1. e4 e5 2. Nf3 Nc6 3. Bc4 Bc5 4. c3 Nf6 5. b4 Be7 6. d3 d6 7. O-O O-O 8. Re1 Be6 9. Nbd2 h6 10. a4 Qd7 11. b5 Na5 12. Bxe6 fxe6 13. c4 b6 14. Bb2 Nb7 15. d4 exd4 16. e5 Ng4 17. exd6 cxd6 18. h3 Nf6 19. Nxd4 Nc5 20. N2b3 Nfe4 21. f3 Nxb3 22. Nxb3 Ng3 23. c5 Bf6 24. c6 Qc7 25. Ra2 Rae8 26. Bxf6 Rxf6 27. Rd2 e5 28. Qc2 Kh8 29. Qc4 Rg6 30. f4 Rf8 31. fxe5 dxe5 32. Rd7 Qb8 33. c7 Qa8 34. Qd5 Qc8 35. Rd8 1-0


[Site "https://www.chess.com"]

[Event "Titled Tuesday Blitz April 26 Late 2022"]
[White "Swiercz, Dariusz"]
[Black "Ivanisevic, Ivan"]
[WhiteFideId "1126881"]
[BlackFideId "912417"]
[WhiteElo "2627"]
[BlackElo "2495"]
[Result "0-1"]
[Round "07"]
[TimeControl "180+1"]
[Date "2022.04.26"]
[WhiteClock "0:00:01"]
[BlackClock "0:00:19"]

1. d4 d5 2. Nf3 Nf6 3. c4 e6 4. g3 h6 5. Bg2 Bd6 6. O-O O-O 7. b3 b6 8. Bb2 Bb7 9. Nc3 Nc6 10. Rc1 Ne7 11. Nb5 a6 12. Nxd6 cxd6 13. Qd3 dxc4 14. bxc4 b5 15. c5 Be4 16. Qa3 Ned5 17. cxd6 b4 18. Qa4 Qxd6 19. Ne5 Bxg2 20. Kxg2 Rfc8 21. Rc6 Rxc6 22. Qxc6 Qxc6 23. Nxc6 Rc8 24. Rc1 Kf8 25. a3 bxa3 26. Bxa3+ Ke8 27. f3 Nb6 28. e4 Nfd7 29. Bd6 f6 30. h4 h5 31. Kf2 Kf7 32. Ke2 a5 33. Ba3 a4 34. Kd3 g5 35. Rc2 gxh4 36. gxh4 f5 37. Bd6 Kf6 38. Be7+ Kf7 39. Bg5 a3 40. d5 fxe4+ 41. fxe4 exd5 42. exd5 Nxd5 43. Rf2+ Kg7 44. Nd4 Nc5+ 45. Kc4 Ne4+ 46. Kxd5 Nxf2 47. Be3 Ng4 48. Bf4 a2 49. Nb3 Kf7 50. Kd4 Nf2 51. Bg3 Nd1 52. Bf4 Rc3 53. Na1 Rh3 54. Bg5 Nf2 55. Kc4 Rh1 0-1


[Site "https://www.chess.com"]

[Event "Titled Tuesday Blitz April 26 Late 2022"]
[White "Szpar, Milosz"]
[Black "Pinheiro, Iung Alicio de O."]
[WhiteFideId "1184989"]
[BlackFideId "2104350"]
[WhiteElo "2447"]
[BlackElo "2483"]
[Result "1-0"]
[Round "07"]
[TimeControl "180+1"]
[Date "2022.04.26"]
[WhiteClock "0:00:22"]
[BlackClock "0:00:22"]

1. e4 c5 2. c3 g6 3. d4 cxd4 4. cxd4 d5 5. e5 Bg7 6. Bb5+ Bd7 7. Be2 Nh6 8. h3 Nc6 9. Nc3 O-O 10. Nf3 Bf5 11. O-O Be4 12. Ng5 Qb6 13. Ngxe4 dxe4 14. Be3 Nf5 15. Na4 Qa5 16. Nc5 Nxe3 17. fxe3 Nxe5 18. Nb3 Qb6 19. dxe5 Qxe3+ 20. Kh1 Bxe5 21. Qe1 Bxb2 22. Rd1 Be5 23. Bc4 Qg5 24. Nc5 Kg7 25. Nd7 Bg3 26. Qxe4 f5 27. Qxb7 Rfd8 28. Qd5 Bd6 29. Rf3 Rxd7 30. Qxa8 Rc7 31. Qg8+ Kh6 32. Qf8+ Kh5 33. Be2 Rc2 34. Rxf5+ Rxe2 35. Rxg5+ Kxg5 36. Qf3 Re5 37. Rd5 h5 38. Rxe5+ Bxe5 39. Qe3+ Kf5 40. Qxa7 h4 41. Qb7 Bf6 42. a4 g5 43. a5 Bd4 44. a6 e5 45. a7 Bxa7 46. Qxa7 Kf4 47. Qf2+ Ke4 48. Qf3+ Kd4 49. Qg4+ e4 50. Kg1 Kd3 51. Kf1 e3 52. Ke1 Kc3 53. Ke2 Kc2 54. Kxe3 Kc3 55. Qxg5 Kc2 56. Qxh4 Kc3 57. Qg5 Kc2 58. h4 Kd1 59. h5 Kc2 60. h6 Kc3 61. h7 Kc2 62. h8=Q Kd1 63. Qh1+ Kc2 64. Qe1 Kb3 65. Qgg3 Kc2 66. Qgf2+ Kb3 67. Qfd2 Kc4 68. Qec1+ Kb3 69. Qdb2+ Ka4 70. Qca1# 1-0


[Site "https://www.chess.com"]

[Event "Titled Tuesday Blitz April 26 Late 2022"]
[White "Tari, Aryan"]
[Black "Nakamura, Hikaru"]
[WhiteFideId "1510045"]
[BlackFideId "2016192"]
[WhiteElo "2567"]
[BlackElo "2850"]
[Result "0-1"]
[Round "07"]
[TimeControl "180+1"]
[Date "2022.04.26"]
[WhiteClock "0:00:14"]
[BlackClock "0:01:12"]

1. e4 c5 2. Nc3 e6 3. d4 cxd4 4. Qxd4 Nc6 5. Qd3 Nf6 6. Bf4 d5 7. O-O-O d4 8. Qe2 e5 9. Bg5 Qa5 10. Nd5 Qxa2 11. Bxf6 gxf6 12. Qc4 Qa1+ 13. Kd2 Qxb2 14. Nc7+ Kd8 15. Nxa8 Be6 16. Qa4 Qc3+ 17. Kc1 Ba3+ 0-1


[Site "https://www.chess.com"]

[Event "Titled Tuesday Blitz April 26 Late 2022"]
[White "Toncheva, Nadya"]
[Black "Yoo, Christopher Woojin"]
[WhiteFideId "2924056"]
[BlackFideId "30909694"]
[WhiteElo "1884"]
[BlackElo "2105"]
[Result "0-1"]
[Round "07"]
[TimeControl "180+1"]
[Date "2022.04.26"]
[WhiteClock "0:00:01"]
[BlackClock "0:00:18"]

1. e4 c5 2. Nf3 e6 3. d4 cxd4 4. Nxd4 Nf6 5. Bd3 Nc6 6. Nxc6 dxc6 7. O-O e5 8. b3 Bc5 9. Bb2 Qe7 10. Nd2 O-O 11. a4 Bg4 12. Qc1 Nh5 13. Nc4 f6 14. g3 Be6 15. Ba3 g6 16. Bxc5 Qxc5 17. Qe3 Qe7 18. f4 exf4 19. gxf4 Kh8 20. Rae1 g5 21. fxg5 fxg5 22. Qd4+ Qg7 23. Qd6 Nf4 24. Kh1 Bh3 25. Rg1 Rae8 26. Qc5 Ne6 27. Qe3 g4 28. Nd6 Rd8 29. Nf5 Qe5 30. Qg3 Qxg3 31. Rxg3 Ng5 32. Rge3 Rfe8 33. e5 Nf3 34. Nd6 Nxe1 35. Nxe8 Nxd3 36. Nd6 Nxe5 0-1


[Site "https://www.chess.com"]

[Event "Titled Tuesday Blitz April 26 Late 2022"]
[White "Toniutti, Ezio"]
[Black "Miszler, Levente"]
[WhiteFideId "113034"]
[BlackFideId "763276"]
[WhiteElo "2215"]
[BlackElo "1966"]
[Result "1-0"]
[Round "07"]
[TimeControl "180+1"]
[Date "2022.04.26"]
[WhiteClock "0:00:11"]
[BlackClock "0:00:04"]

1. d4 Nf6 2. c4 e6 3. g3 d5 4. Bg2 Be7 5. Nf3 O-O 6. O-O c6 7. Nbd2 Nbd7 8. Qc2 b6 9. e4 dxe4 10. Nxe4 Bb7 11. Bf4 Nxe4 12. Qxe4 Qc8 13. Qe2 c5 14. d5 Nf6 15. Rfe1 Re8 16. dxe6 fxe6 17. Qxe6+ Qxe6 18. Rxe6 h6 19. Rae1 Kf7 20. Ng5+ hxg5 21. Bxb7 Rad8 22. Bc6 gxf4 23. Bxe8+ Rxe8 24. b3 fxg3 25. hxg3 Bd8 26. Rxe8 Nxe8 27. Kg2 Nc7 28. Rd1 Ke7 29. Re1+ Ne6 30. f4 Kd7 31. Rd1+ Nd4 32. Rh1 Ke6 33. g4 Bc7 34. f5+ Kf6 35. Rh8 Kg5 36. Kh3 Be5 37. Rh5+ Kf4 38. Rh8 Nf3 39. Ra8 Ng5+ 40. Kh4 Bf6 41. Kh5 Ne4 42. Rxa7 Ng3+ 43. Kg6 Kxg4 44. Rb7 Nxf5 45. Rxb6 Bd4 46. a4 Nh4+ 47. Kf7 g5 48. a5 Nf3 49. a6 Ne5+ 50. Ke6 Kf4 51. a7 g4 52. a8=Q g3 53. Qf8+ Ke3 54. Qh6+ Kf2 55. Rb8 g2 56. Rf8+ Nf3 57. Qh4+ Ke2 58. Qe4+ Kd2 59. Qf4+ Kc2 60. Qe4+ Kd2 61. Rg8 g1=Q 62. Rxg1 Nxg1 63. Qf4+ Kc3 64. Qg3+ Kb4 65. Qd3 Ka3 66. Kd5 Kb4 67. Kc6 Ka3 68. Kb5 Nh3 69. b4+ Kb2 70. bxc5 Nf4 71. Qxd4+ Kb3 72. Qxf4 1-0


[Site "https://www.chess.com"]

[Event "Titled Tuesday Blitz April 26 Late 2022"]
[White "Vasquez Schroeder, Rodrigo"]
[Black "Sarana, Alexey"]
[WhiteFideId "3400042"]
[BlackFideId "24133795"]
[WhiteElo "2561"]
[BlackElo "2666"]
[Result "0-1"]
[Round "07"]
[TimeControl "180+1"]
[Date "2022.04.26"]
[WhiteClock "0:00:27"]
[BlackClock "0:00:25"]

1. e4 c5 2. Nf3 d6 3. d4 cxd4 4. Nxd4 Nf6 5. Nc3 a6 6. Bg5 e6 7. f4 Nbd7 8. Qf3 Qc7 9. O-O-O b5 10. Bd3 Bb7 11. Rhe1 Be7 12. Qg3 b4 13. Nd5 exd5 14. exd5 Kd8 15. Nf5 Bf8 16. Qe3 Qc5 17. Qe2 Kc7 18. Bh4 g6 19. Bf2 Qxd5 20. Nd4 Bg7 21. Bc4 Qh5 22. Qd2 d5 23. Bb3 Bf8 24. Nf3 Bd6 25. Ne5 Rhe8 26. Kb1 Nxe5 27. fxe5 Rxe5 28. Rxe5 Qxe5 29. Bd4 Ne4 30. Qd3 Qe6 31. g3 Rc8 32. Rf1 f5 33. Rd1 Kb8 34. Be3 Be5 35. Qe2 Qf6 36. Bc1 Rc5 37. Qe3 a5 38. Qd3 Qa6 39. Qe3 a4 0-1


[Site "https://www.chess.com"]

[Event "Titled Tuesday Blitz April 26 Late 2022"]
[White "Vidonyak, Roman"]
[Black "Martic, Ivan"]
[WhiteFideId "14100622"]
[BlackFideId "929301"]
[WhiteElo "2401"]
[BlackElo "2317"]
[Result "0-1"]
[Round "07"]
[TimeControl "180+1"]
[Date "2022.04.26"]
[WhiteClock "0:00:07"]
[BlackClock "0:00:44"]

1. d4 d5 2. c4 c6 3. Nf3 Nf6 4. Nc3 dxc4 5. a4 Bf5 6. e3 e6 7. Bxc4 Bb4 8. O-O O-O 9. Nh4 Nbd7 10. h3 a5 11. Nxf5 exf5 12. Qf3 g6 13. g4 Nb6 14. Bd3 fxg4 15. hxg4 Nbd5 16. Nxd5 cxd5 17. g5 Ne4 18. Qg4 Nxg5 19. f4 Ne4 20. Bxe4 dxe4 21. f5 Rc8 22. f6 Qd5 23. Qh4 h5 24. b3 Rc2 25. Ba3 Rfc8 26. Bxb4 axb4 27. Qf4 Kh7 28. Rf2 Rxf2 29. Qxf2 Qxb3 30. Rf1 Rc2 31. Qf4 Qd3 32. Kh1 Qe2 33. Rg1 b3 34. Qg3 b2 0-1


[Site "https://www.chess.com"]

[Event "Titled Tuesday Blitz April 26 Late 2022"]
[White "Vlassov, Nikolai"]
[Black "Veiga, Emerson de Sousa"]
[WhiteFideId "4103360"]
[BlackFideId "2151898"]
[WhiteElo "2407"]
[BlackElo "2034"]
[Result "1-0"]
[Round "07"]
[TimeControl "180+1"]
[Date "2022.04.26"]
[WhiteClock "0:00:04"]
[BlackClock "0:00:03"]

1. e4 c5 2. c3 Nf6 3. e5 Nd5 4. d4 cxd4 5. cxd4 Nc6 6. Nc3 e6 7. f4 d6 8. Nf3 Be7 9. Bd3 O-O 10. h4 dxe5 11. fxe5 h6 12. Bb1 f5 13. exf6 Nxf6 14. a3 Re8 15. Qd3 e5 16. dxe5 Qxd3 17. Bxd3 Nxe5 18. Nxe5 Bd6 19. O-O Bxe5 20. Bf4 Bxf4 21. Rxf4 Bd7 22. Raf1 Bc6 23. g4 Re3 24. Bc4+ Kh7 25. Kf2 Rae8 26. g5 Nh5 27. g6+ Kxg6 28. Bf7+ Kh7 29. Bxh5 g6 30. Rf7+ Kg8 31. Bxg6 R3e6 32. h5 Rd8 33. Kg1 Re5 34. Kh2 Rd2+ 35. R1f2 Rd8 36. R7f5 Re1 37. Kg3 Rd3+ 38. Kf4 a6 39. Bf7+ Kh8 40. Bd5 Bd7 41. Rf7 Be8 42. Rf8+ Kg7 43. Rg8+ Kh7 44. Rg3 Rxd5 45. Nxd5 Bc6 46. Nf6+ Kh8 47. Rg8# 1-0


[Site "https://www.chess.com"]

[Event "Titled Tuesday Blitz April 26 Late 2022"]
[White "Vovk, Orest"]
[Black "Dudzinski, Pawel"]
[WhiteFideId "14113490"]
[BlackFideId "1117890"]
[WhiteElo "2203"]
[BlackElo "2033"]
[Result "1-0"]
[Round "07"]
[TimeControl "180+1"]
[Date "2022.04.26"]
[WhiteClock "0:00:59"]
[BlackClock "0:00:02"]

1. e4 c6 2. Nc3 d5 3. Qe2 d4 4. Nd1 e5 5. f4 exf4 6. d3 Bd6 7. e5 Bb4+ 8. c3 dxc3 9. bxc3 Qh4+ 10. Qf2 Qxf2+ 11. Kxf2 Be7 12. Bxf4 Be6 13. Nf3 Nd7 14. d4 O-O-O 15. Ne3 f6 16. Bc4 Bxc4 17. Nxc4 fxe5 18. Ncxe5 Nxe5 19. Nxe5 Rf8 20. Ke3 Nf6 21. c4 Nh5 22. Bg3 Bg5+ 23. Kd3 Nf4+ 24. Bxf4 Rxf4 25. Rhf1 Rd8 26. Rxf4 Bxf4 27. Nf3 Bc7 28. Re1 Bb6 29. Re4 a6 30. Ng5 Bc7 31. h3 c5 32. Ne6 Rd7 33. Nxc5 Rf7 34. Re8+ Bd8 35. Rh8 g6 36. Ne6 Rd7 37. Nxd8 Rxd8 38. Rxh7 Rf8 39. Rg7 Rf2 40. Rxg6 Rxa2 41. h4 Ra1 42. h5 Rh1 43. h6 a5 44. Kc3 Rxh6 45. Rxh6 1-0


[Site "https://www.chess.com"]

[Event "Titled Tuesday Blitz April 26 Late 2022"]
[White "Ward, Ieuan C"]
[Black "Spata, German"]
[WhiteFideId "406627"]
[BlackFideId "113026"]
[WhiteElo "2317"]
[BlackElo "2238"]
[Result "0-1"]
[Round "07"]
[TimeControl "180+1"]
[Date "2022.04.26"]
[WhiteClock "0:00:06"]
[BlackClock "0:00:26"]

1. d4 e6 2. c4 Bb4+ 3. Nc3 f5 4. g3 Nf6 5. Bg2 O-O 6. Nf3 d5 7. O-O c6 8. Ne5 Nbd7 9. Nxd7 Bxd7 10. Bg5 h6 11. Bxf6 Qxf6 12. e3 g5 13. Ne2 Bd6 14. cxd5 exd5 15. Qd3 f4 16. exf4 gxf4 17. Nxf4 Bxf4 18. gxf4 Qxf4 19. Rae1 Bf5 20. Qg3+ Qg5 21. f4 Qg7 22. Re7 Rf7 23. Rfe1 Raf8 24. Rxf7 Rxf7 25. Re5 Qxg3 26. hxg3 Kg7 27. Bf3 Kf6 28. Kf2 Rg7 29. Re8 Bg4 30. Rf8+ Ke7 31. Rh8 h5 32. Bxg4 hxg4 33. Rh4 Kf6 34. Rh6+ Kf5 35. Ke3 Re7+ 36. Kd3 Re1 37. Rh5+ Kf6 38. Rh7 Rg1 39. Rxb7 Rxg3+ 40. Ke2 Kf5 41. Rxa7 Kxf4 42. Rc7 Rg2+ 43. Kf1 Rxb2 44. Rxc6 Rxa2 45. Rd6 Ke4 46. Kg1 Kxd4 47. Rg6 Re2 48. Rxg4+ Kd3 49. Kf1 Re5 50. Rg3+ Kd2 51. Rg2+ Kd3 52. Rg3+ Re3 53. Rg5 d4 54. Kf2 Re2+ 55. Kf1 Re7 56. Rg3+ Kd2 57. Rg2+ Kc3 58. Rg3+ d3 59. Rg6 d2 60. Rc6+ Kb4 61. Rd6 Re1+ 62. Kf2 d1=Q 0-1


[Site "https://www.chess.com"]

[Event "Titled Tuesday Blitz April 26 Late 2022"]
[White "Winkels, Marcel"]
[Black "Mangialardo, Tiago Carvalho"]
[WhiteFideId "1003887"]
[BlackFideId "2130718"]
[WhiteElo "1900"]
[BlackElo "2064"]
[Result "1-0"]
[Round "07"]
[TimeControl "180+1"]
[Date "2022.04.26"]
[WhiteClock "0:01:57"]
[BlackClock "0:01:27"]

1. e4 Nf6 2. e5 Nd5 3. d4 d6 4. Nf3 Nc6 5. e6 fxe6 6. c4 Nf6 7. Bd3 e5 8. dxe5 Nxe5 9. Nxe5 dxe5 10. Qe2 Bg4 11. f3 Bh5 12. Nc3 Qd7 13. Bg5 O-O-O 14. O-O-O Qc6 15. Qxe5 Nd7 16. Qe3 Nc5 17. Be2 Rxd1+ 18. Rxd1 e6 19. Rd8# 1-0


[Site "https://www.chess.com"]

[Event "Titled Tuesday Blitz April 26 Late 2022"]
[White "Xiong, Jeffery"]
[Black "Tristan, Leonardo"]
[WhiteFideId "2047640"]
[BlackFideId "113816"]
[WhiteElo "2727"]
[BlackElo "2404"]
[Result "1-0"]
[Round "07"]
[TimeControl "180+1"]
[Date "2022.04.26"]
[WhiteClock "0:02:21"]
[BlackClock "0:02:26"]

1. c4 e6 2. Nc3 d5 3. d4 a6 4. cxd5 exd5 5. Bf4 Nf6 6. e3 c5 7. Nge2 c4 8. Bg5 Be7 9. Nf4 Be6 10. Bxf6 Bxf6 11. Qf3 O-O 12. Nfxd5 Bxd5 13. Qxd5 Qxd5 14. Nxd5 b5 15. Nxf6+ gxf6 16. Kd2 Nd7 17. b3 cxb3 18. axb3 Nb6 19. Be2 Nd5 20. Bf3 Rfd8 21. Rhc1 Rd6 22. Rc5 Rad8 23. Bxd5 Rxd5 24. Rxd5 Rxd5 25. Rxa6 Rh5 26. h3 Rg5 27. g3 Rf5 28. f4 Rd5 29. Rxf6 Kg7 30. Rc6 b4 31. Rb6 Rd8 32. Rxb4 Rb8 33. Rxb8 1-0


[Site "https://www.chess.com"]

[Event "Titled Tuesday Blitz April 26 Late 2022"]
[White "Yang, Kevin"]
[Black "Kohler, Aran"]
[WhiteFideId "30908485"]
[BlackFideId "1002856"]
[WhiteElo "2055"]
[BlackElo "2273"]
[Result "1-0"]
[Round "07"]
[TimeControl "180+1"]
[Date "2022.04.26"]
[WhiteClock "0:00:07"]
[BlackClock "0:00:01"]

1. d4 Nf6 2. c4 c5 3. Nf3 e6 4. d5 exd5 5. cxd5 d6 6. Nc3 a6 7. a4 g6 8. Bf4 Bg7 9. h4 h5 10. Nd2 O-O 11. e3 Ng4 12. Be2 Ne5 13. f3 Nbd7 14. Nce4 Qe7 15. Qc2 f6 16. Rc1 Rb8 17. b4 b5 18. bxc5 Nxc5 19. Nxc5 dxc5 20. axb5 axb5 21. Qxc5 Qxc5 22. Rxc5 b4 23. Kf2 b3 24. Rb1 b2 25. Rc2 Bf5 26. e4 Rfc8 27. Rcxb2 Rxb2 28. Rxb2 Bd7 29. Rb7 Rd8 30. Bxe5 fxe5 31. Bb5 Bxb5 32. Rxb5 Bf8 33. Ke2 Be7 34. Nc4 Bxh4 35. Nxe5 Kg7 36. Rb6 Bf6 37. Rb7+ Kg8 38. Nxg6 Ra8 39. Nf4 Ra2+ 40. Kd3 h4 41. Rb6 Be5 42. Ng6 Bg3 43. d6 Ra3+ 44. Kc4 Ra7 45. e5 Kf7 46. Nxh4 Bxe5 47. Kd5 Bf6 48. Nf5 Ra5+ 49. Ke4 Re5+ 50. Kf4 Rd5 51. Ne3 Be5+ 52. Ke4 Rxd6 53. Rb7+ Ke6 54. Rb4 Rc6 55. f4 Bd6 56. Rb5 Rc8 57. g4 Ra8 58. Rd5 Ra4+ 59. Rd4 Ra5 60. f5+ Ke7 61. f6+ Ke6 62. Nf5 Be5 63. Rc4 Bxf6 64. Ne3 Be7 65. Rc6+ Kd7 66. Rg6 Ra4+ 67. Kf3 Ra3 68. Kf4 Bd6+ 69. Ke4 Ra4+ 70. Kf3 Ra3 71. Rg7+ Ke6 72. Ke4 Ra4+ 73. Kd3 Ra3+ 74. Ke2 Ra2+ 75. Kf3 Ra3 76. Rg5 Be7 77. Rf5 Bd8 78. Ke2 Ra2+ 79. Kd1 Ra3 80. Ng2 Rg3 81. Nf4+ Kd7 82. Rd5+ Ke8 83. Ne6 Be7 84. g5 Bxg5 85. Nxg5 Rg2 86. Ne4 Ke7 87. Nd2 Rg1+ 88. Kc2 Rg2 89. Rd3 Ke6 90. Re3+ Kd5 91. Kd3 Kd6 92. Nf3 Kc6 93. Nd4+ Kd5 94. Nf5 Rg1 95. Ng3 1-0


[Site "https://www.chess.com"]